Dungeon Sprint DCSS version 0.17-a0-1753-g75d4604 (webtiles) character file.

13700000 ztt the Plane Walker (level 27, -284/272 (273) HPs) Began as a Ghoul Warper on Sept 2, 2015. Was the Champion of Makhleb. Annihilated by a fleshlord ... wielding a +9 great mace (379 damage) ... in the Dungeon (Sprint VIII: "Arena of Blood"). The game lasted 00:02:57 (137 turns). ztt the Plane Walker (Ghoul Warper) Turns: 137, Time: 00:02:57 HP: -284/272 (273)AC: 6 Str: 19 XL: 27 MP: 36/53 EV: 32 Int: 8 God: Makhleb [******] Gold: 0 SH: 0 Dex: 17 Spells: 1 memorised, 79 levels left rFire . . . SeeInvis + l - +∞ Axe of Woe rCold + . . Clarity . b - +0 leather armour rNeg + + + SustAt . (no shield) rPois ∞ Gourm . (no helmet) rElec . Spirit . (no cloak) rCorr . Warding . (no gloves) rMut . NoTele + (no boots) MR ++... (no amulet) Stlth +++++++++. n - +250 ring of slaying m - ring of see invisible @: rotting, slowed, very slow, very resistant to hostile enchantments, incredibly stealthy A: rotting body, claws 1, carnivore 3, cold resistance 1, negative energy resistance 3, slow healing 1, torment resistance, unbreathing a: Minor Destruction, Lesser Servant of Makhleb, Major Destruction, Greater Servant of Makhleb, Renounce Religion You were in the Dungeon. You worshipped Makhleb. Makhleb was exalted by your worship. You were not hungry. You visited 1 branch

Inventory:

Hand weapons
 a - a +0 hand axe
 l - the +∞ Axe of Woe (weapon)
   (You found it in the Dungeon)
Missiles
 e - 5 tomahawks of dispersal (quivered)
Armour
 b - a +0 leather armour (worn)
Jewellery
 m - a ring of see invisible (left claw)
 n - a +250 ring of slaying (right claw)
Scrolls
 d - 2 scrolls of blinking
Potions
 g - a potion of curing
 h - a potion of heal wounds
 i - a potion of haste
 j - 2 potions of magic
 k - a potion of berserk rage
Books
 c - a book of Spatial Translocations

   Spells                             Type                      Level
   a - Apportation                    Translocation                1
   b - Blink                          Translocation                2
   c - Shroud of Golubria             Charms/Translocation         2
   d - Portal Projectile              Translocation                3
   e - Teleport Other                 Translocation                3
   f - Passage of Golubria            Translocation                4
Comestibles
 f - a meat ration


   Skills:
 O Level 27 Fighting
 O Level 27 Axes
 O Level 27 Throwing
 O Level 27 Armour
 O Level 27 Dodging
 O Level 27 Stealth
 O Level 27 Unarmed Combat
 O Level 27 Spellcasting
 O Level 27 Translocations
 O Level 27 Invocations


You had 79 spell levels left.
You knew the following spells:

 Your Spells              Type           Power        Failure   Level  Hunger
a - Apportation           Tloc           ######....   0%          1    None


Dungeon Overview and Level Annotations

Branches:
Dungeon (1/1)

Altars:
Makhleb


Innate Abilities, Weirdness & Mutations

Your body is rotting away.
You thrive on raw meat.
You are immune to poison.
You have sharp fingernails.
You are carnivorous and can eat meat at any time.
Your flesh is cold resistant.
You are immune to negative energy.
You heal slowly when monsters are visible.
You are immune to unholy pain and torment.
You can survive without breathing.


Message History

The fleshlord shouts!
The observer turns its gaze towards you.
The meat beast screeches!
You slice the accursed like a ripe choko!!!
You dissect the accursed like a pig carcass.
You destroy the accursed!
Makhleb accepts your kill.
You feel better.
You feel extremely nervous for a moment...
You feel terrible.
You cut the observer into ribbons!!!!
You pulverise the observer into a thin bloody mist.
You kill the observer!
Makhleb accepts your kill.
You hear a shout!
The scourge looks even sicker.
The dread throws hellfire at you.
The hellfire explodes!
The blast of hellfire engulfs you!
The fleshlord hits you with a +9 great mace!!!!!!
Ouch! That really hurt!
You die...

......zL###.........
.#......O.L..........
......§#.....#.......
.....§§#_.<._#.......
.....LS#..)..#...W..#
.#..oM§oG._).....W...
.....Co§o###)D.......
..o###§§§§)))###...
.....#§))@§))#..%..
.....#)§p.)))#.....
......)....).)).o....
#..o......)))..o..#..
.........p.%).G..#...
#.....p..))))..##....
.....#...)))..#.....
.........)))%.#.D.###
....##.#.†.)........


You could see an accursed, a tyrant, 2 eight-headed meat hydras, 2 observers, a
scourge, 3 fleshlords, a large bag of meat (inner flame), 2 dreads and 7 bags of
meat.

Vanquished Creatures
  2 hell knights (D)
  6 hell beasts (D)
  6 greater mummies (D)
  3 great orbs of eyes (D)
  7 wraiths (D)
  8 vampire knights (D)
  26 ogres (D)
  4 liches (D)
  5 hydras (D)
  68 orcs (D)
  3 phantoms (D)
  8 hill giants (D)
  5 skeletal warriors (D)
  2 sea snakes (D)
  4 large abominations (D)
  5 small abominations (D)
  10 crawling corpses (D)
172 creatures vanquished.

Vanquished Creatures (others)
  A large abomination (D)
  6 crawling corpses (D)
7 creatures vanquished.

Grand Total: 179 creatures vanquished

Notes
Turn   | Place    | Note
--------------------------------------------------------------
     0 | D        | ztt the Ghoul Warper began the quest for the Orb.
     0 | D        | Reached XP level 1. HP: 17/17 MP: 2/2
     3 | D        | Noticed a bag of meat
     3 | D        | Noticed a meat berserker
     4 | D        | Became a worshipper of Makhleb the Destroyer
     5 | D        | Noticed a bag of meat
     6 | D        | Noticed a meat berserker
     7 | D        | Killed a meat berserker
     7 | D        | Reached skill level 12 in Fighting
     7 | D        | Reached skill level 20 in Translocations
     7 | D        | Reached XP level 2. HP: 20/42 MP: 2/14
     7 | D        | Reached XP level 3. HP: 23/49 MP: 2/15
     7 | D        | Reached XP level 4. HP: 26/57 MP: 2/17
     7 | D        | Reached XP level 5. HP: 28/63 MP: 2/18
     7 | D        | Reached XP level 6. HP: 31/71 MP: 2/20
     7 | D        | Reached XP level 7. HP: 34/78 MP: 2/21
     7 | D        | Reached XP level 8. HP: 37/85 MP: 2/23
     7 | D        | Reached XP level 9. HP: 40/92 MP: 2/24
     7 | D        | Reached XP level 10. HP: 43/100 MP: 2/25
     7 | D        | Reached XP level 11. HP: 45/106 MP: 2/26
     7 | D        | Reached XP level 12. HP: 47/113 MP: 2/27
     7 | D        | Reached XP level 13. HP: 49/119 MP: 2/28
     8 | D        | Noticed a bag of meat
     8 | D        | Noticed a bag of meat
     9 | D        | Killed a bag of meat
     9 | D        | Acquired Makhleb's first power
     9 | D        | Reached skill level 5 in Throwing
     9 | D        | Reached skill level 5 in Armour
     9 | D        | Reached skill level 21 in Translocations
     9 | D        | Reached XP level 14. HP: 51/130 MP: 2/30
    10 | D        | Noticed a bag of meat
    10 | D        | Noticed a bag of meat
    10 | D        | Noticed a bag of meat
    11 | D        | Noticed a bag of meat
    11 | D        | Killed a meat berserker
    11 | D        | Reached skill level 15 in Fighting
    11 | D        | Reached skill level 24 in Translocations
    11 | D        | Reached XP level 15. HP: 53/141 MP: 3/32
    12 | D        | Killed a bag of meat
    12 | D        | Acquired Makhleb's second power
    12 | D        | Reached skill level 15 in Spellcasting
    12 | D        | Reached skill level 25 in Translocations
    13 | D        | Killed a bag of meat
    13 | D        | Reached skill level 26 in Translocations
    13 | D        | Reached XP level 16. HP: 44/155 MP: 3/34
    13 | D        | Killed a bag of meat
    13 | D        | Acquired Makhleb's third power
    13 | D        | Reached skill level 15 in Axes
    13 | D        | Reached skill level 15 in Dodging
    13 | D        | Reached skill level 27 in Translocations
    14 | D        | Noticed a large bag of meat
    15 | D        | Killed a bag of meat
    16 | D        | Killed a bag of meat
    16 | D        | Reached XP level 17. HP: 146/170 MP: 4/38
    16 | D        | Killed a bag of meat
    16 | D        | Acquired Makhleb's fourth power
    17 | D        | Killed a bag of meat
    18 | D        | Noticed a bag of meat
    18 | D        | Noticed a bag of meat
    18 | D        | Noticed a bag of meat
    19 | D        | Killed a large bag of meat
    19 | D        | Acquired Makhleb's fifth power
    19 | D        | HP: 2/179 [something (21)]
    20 | D        | Noticed a destroyer
    20 | D        | Noticed a bag of meat
    20 | D        | Noticed a bag of meat
    20 | D        | Noticed a meat berserker
    20 | D        | Noticed a bag of meat
    20 | D        | Noticed a bag of meat
    20 | D        | Noticed a bag of meat
    21 | D        | Noticed a bag of meat
    22 | D        | Noticed a meat berserker
    23 | D        | Noticed a meat berserker
    23 | D        | Noticed a large bag of meat
    23 | D        | Noticed a large bag of meat
    23 | D        | Noticed a destroyer
    23 | D        | Killed a bag of meat
    23 | D        | Reached XP level 18. HP: 35/190 MP: 6/42
    23 | D        | Killed a bag of meat
    23 | D        | Killed a bag of meat
    23 | D        | Noticed a bag of meat
    24 | D        | Noticed a bag of meat
    24 | D        | Noticed a meat berserker
    25 | D        | Noticed a bag of meat
    25 | D        | Noticed a bag of meat
    25 | D        | Killed a meat berserker
    25 | D        | Reached skill level 10 in Armour
    25 | D        | Reached XP level 19. HP: 171/206 MP: 7/45
    25 | D        | Killed a bag of meat
    25 | D        | Reached skill level 27 in Fighting
    25 | D        | Killed a bag of meat
    25 | D        | Killed a destroyer
    25 | D        | Reached skill level 27 in Axes
    25 | D        | Reached XP level 20. HP: 216/216 MP: 7/49
    26 | D        | Noticed a meat berserker
    26 | D        | Noticed a meat berserker
    26 | D        | Killed a bag of meat
    26 | D        | Reached skill level 10 in Throwing
    26 | D        | Reached skill level 27 in Spellcasting
    27 | D        | Noticed a bag of meat
    27 | D        | Noticed a destroyer
    27 | D        | Killed a meat berserker
    27 | D        | Reached skill level 27 in Dodging
    28 | D        | Noticed a bag of meat
    28 | D        | Noticed a bag of meat
    28 | D        | Noticed a meat berserker
    28 | D        | Noticed a large bag of meat
    28 | D        | Killed a meat berserker
    28 | D        | Reached skill level 15 in Throwing
    28 | D        | Reached XP level 21. HP: 224/224 MP: 7/51
    28 | D        | Killed a destroyer
    29 | D        | Noticed a bag of meat
    29 | D        | Noticed a bag of meat
    30 | D        | Noticed a bag of meat
    30 | D        | Noticed a meat berserker
    30 | D        | Noticed a bag of meat
    30 | D        | Noticed a bag of meat
    30 | D        | Noticed a bag of meat
    30 | D        | Killed a bag of meat
    30 | D        | Reached skill level 27 in Armour
    30 | D        | Killed a meat berserker
    30 | D        | Reached XP level 22. HP: 233/233 MP: 8/52
    30 | D        | Killed a bag of meat
    30 | D        | Reached skill level 27 in Throwing
    30 | D        | Killed a large bag of meat
    31 | D        | Noticed a bag of meat
    31 | D        | Noticed a bag of meat
    31 | D        | Noticed a bag of meat
    31 | D        | Noticed a bag of meat
    31 | D        | Killed a meat berserker
    31 | D        | Killed a bag of meat
    31 | D        | Reached XP level 23. HP: 240/240 MP: 8/53
    31 | D        | Killed a bag of meat
    32 | D        | Noticed a bag of meat
    32 | D        | Killed a large bag of meat
    33 | D        | Noticed a sculptor of flesh
    33 | D        | Noticed a large bag of meat
    33 | D        | Noticed a destroyer
    33 | D        | Killed a bag of meat
    33 | D        | Killed a meat berserker
    34 | D        | Noticed a meat berserker
    34 | D        | Killed a meat berserker
    34 | D        | Reached skill level 27 in Stealth
    34 | D        | Reached XP level 24. HP: 249/249 MP: 9/53
    34 | D        | Killed a destroyer
    34 | D        | Reached skill level 27 in Unarmed Combat
    34 | D        | Reached skill level 27 in Invocations
    35 | D        | Noticed a meat berserker
    35 | D        | Noticed a destroyer
    35 | D        | Killed a bag of meat
    36 | D        | Noticed a bag of meat
    36 | D        | Killed a bag of meat
    37 | D        | Noticed a meat berserker
    37 | D        | Noticed a large bag of meat
    37 | D        | Killed a bag of meat
    37 | D        | Killed a bag of meat
    37 | D        | Killed a meat berserker
    37 | D        | Reached XP level 25. HP: 257/257 MP: 10/53
    37 | D        | Killed a bag of meat
    37 | D        | Killed a large bag of meat
    38 | D        | Noticed a bag of meat
    38 | D        | Noticed a bag of meat
    38 | D        | Noticed a bag of meat
    38 | D        | Killed a bag of meat
    38 | D        | Killed a bag of meat
    38 | D        | Killed a bag of meat
    39 | D        | Noticed a bag of meat
    39 | D        | Noticed a bag of meat
    39 | D        | Noticed a bag of meat
    39 | D        | Noticed a bag of meat
    39 | D        | Killed a destroyer
    39 | D        | Reached XP level 26. HP: 266/266 MP: 10/53
    39 | D        | Killed a destroyer
    40 | D        | Noticed a meat berserker
    40 | D        | Noticed a large bag of meat
    40 | D        | Noticed a bag of meat
    40 | D        | Noticed a bag of meat
    41 | D        | Killed a bag of meat
    41 | D        | Killed a bag of meat
    41 | D        | Killed a meat berserker
    41 | D        | Killed a bag of meat
    41 | D        | Reached XP level 27. HP: 273/273 MP: 11/53
    41 | D        | Killed a bag of meat
    42 | D        | Noticed a meat berserker
    42 | D        | Noticed a bag of meat
    42 | D        | Killed a bag of meat
    42 | D        | Killed a bag of meat
    42 | D        | Killed a bag of meat
    44 | D        | Noticed a bag of meat
    44 | D        | Killed a meat berserker
    44 | D        | Killed a bag of meat
    44 | D        | Killed a bag of meat
    44 | D        | Killed a meat berserker
    45 | D        | Noticed a bag of meat
    45 | D        | Killed a meat berserker
    45 | D        | Killed a bag of meat
    45 | D        | Killed a bag of meat
    46 | D        | Noticed a bag of meat
    47 | D        | Noticed a meat berserker
    47 | D        | Noticed a bag of meat
    47 | D        | Killed a bag of meat
    47 | D        | Killed a bag of meat
    47 | D        | Killed a bag of meat
    47 | D        | Killed a meat berserker
    48 | D        | Noticed a bag of meat
    48 | D        | Noticed a bag of meat
    50 | D        | Noticed a bag of meat
    50 | D        | Killed a meat berserker
    50 | D        | Killed a bag of meat
    50 | D        | Killed a bag of meat
    51 | D        | Noticed a meat berserker
    52 | D        | Noticed a bag of meat
    52 | D        | Noticed a destroyer
    52 | D        | Killed a large bag of meat
    52 | D        | Killed a bag of meat
    52 | D        | Killed a bag of meat
    52 | D        | Killed a large bag of meat
    53 | D        | Noticed an accursed
    53 | D        | Noticed a meat berserker
    53 | D        | Noticed a sculptor of flesh
    53 | D        | Noticed a sculptor of flesh
    54 | D        | Noticed an accursed
    55 | D        | Noticed a bag of meat
    55 | D        | Noticed a meat berserker
    55 | D        | Killed a sculptor of flesh
    55 | D        | Killed a bag of meat
    55 | D        | Killed a meat berserker
    56 | D        | Killed a meat berserker
    56 | D        | Killed a bag of meat
    57 | D        | Noticed a meat berserker
    57 | D        | Killed a bag of meat
    57 | D        | Killed a bag of meat
    57 | D        | Killed a bag of meat
    57 | D        | Killed a large bag of meat
    57 | D        | Killed a bag of meat
    58 | D        | Killed a bag of meat
    58 | D        | Killed a sculptor of flesh
    58 | D        | Killed a bag of meat
    59 | D        | Killed a sculptor of flesh
    60 | D        | Noticed an accursed
    60 | D        | Noticed an accursed
    60 | D        | Noticed a large bag of meat
    60 | D        | Killed a destroyer
    61 | D        | Noticed a meat berserker
    61 | D        | Killed a meat berserker
    62 | D        | Noticed a bag of meat
    62 | D        | Noticed a dread
    62 | D        | Killed a meat berserker
    63 | D        | Killed a bag of meat
    63 | D        | Killed a bag of meat
    64 | D        | Noticed a bag of meat
    64 | D        | Noticed a dread
    65 | D        | Killed an accursed
    65 | D        | Killed an accursed
    66 | D        | Killed a bag of meat
    67 | D        | Noticed a bag of meat
    67 | D        | Killed a meat berserker
    67 | D        | Killed a large bag of meat
    67 | D        | Killed a dread
    69 | D        | Noticed a meat berserker
    69 | D        | Killed a dread
    71 | D        | Noticed a bag of meat
    71 | D        | Noticed a sculptor of flesh
    72 | D        | Noticed a meat beast
    73 | D        | Noticed a sculptor of flesh
    73 | D        | Noticed a meat beast
    74 | D        | Noticed a bag of meat
    74 | D        | Noticed an accursed
    74 | D        | Killed a bag of meat
    74 | D        | Killed a meat berserker
    74 | D        | Killed a bag of meat
    76 | D        | Noticed a wretched soul
    76 | D        | Killed a meat beast
    77 | D        | Noticed a meat beast
    77 | D        | Noticed a meat beast
    77 | D        | Killed a meat beast
    78 | D        | Killed an accursed
    79 | D        | Killed a bag of meat
    80 | D        | Killed a meat beast
    81 | D        | Killed a sculptor of flesh
    81 | D        | Killed an accursed
    82 | D        | Noticed a wretched soul
    82 | D        | Killed a meat beast
    82 | D        | Killed a bag of meat
    82 | D        | Killed a sculptor of flesh
    82 | D        | Killed a wretched soul
    84 | D        | Noticed a meat berserker
    86 | D        | Killed an accursed
    87 | D        | Noticed a meat beast
    88 | D        | Noticed a dread
    88 | D        | Killed a wretched soul
    90 | D        | Killed a meat beast
    90 | D        | Killed a meat berserker
    91 | D        | Noticed a tyrant
    92 | D        | Killed a tyrant
    93 | D        | Noticed a wretched soul
    96 | D        | Killed a dread
    97 | D        | Noticed an observer
    98 | D        | Noticed an observer
    98 | D        | Killed a wretched soul
   100 | D        | Noticed a tyrant
   101 | D        | Killed a tyrant
   101 | D        | Killed an observer
   103 | D        | Noticed a meat berserker
   104 | D        | Noticed a bag of meat
   104 | D        | Noticed a meat beast
   104 | D        | Killed an observer
   105 | D        | Noticed a bag of meat
   106 | D        | Noticed a destroyer
   107 | D        | Noticed a meat berserker
   107 | D        | Noticed a dread
   107 | D        | Killed a meat beast
   107 | D        | Killed a meat berserker
   108 | D        | Noticed a bag of meat
   109 | D        | Noticed a dread
   109 | D        | Noticed a dread
   109 | D        | Noticed a dread
   110 | D        | Killed a meat berserker
   111 | D        | Noticed a bag of meat
   111 | D        | Noticed a destroyer
   112 | D        | Killed a destroyer
   112 | D        | Noticed a bag of meat
   113 | D        | Killed a dread
   113 | D        | Killed a bag of meat
   114 | D        | Noticed a tyrant
   115 | D        | Killed a bag of meat
   116 | D        | Noticed a bag of meat
   116 | D        | Killed a dread
   117 | D        | Killed a bag of meat
   117 | D        | Killed a bag of meat
   117 | D        | Killed a dread
   118 | D        | Noticed a bag of meat
   120 | D        | Killed a bag of meat
   121 | D        | Noticed a tyrant
   122 | D        | Noticed an accursed
   122 | D        | Killed a dread
   123 | D        | Killed a tyrant
   125 | D        | Killed a bag of meat
   126 | D        | Killed a bag of meat
   127 | D        | Noticed a fleshlord
   128 | D        | Noticed a fleshlord
   128 | D        | Killed a destroyer
   129 | D        | Noticed a tyrant
   129 | D        | Noticed a bag of meat
   130 | D        | Noticed a fleshlord
   131 | D        | Noticed a bag of meat
   131 | D        | Noticed a meat berserker
   131 | D        | Noticed an observer
   131 | D        | Noticed a bag of meat
   132 | D        | Killed a fleshlord
   133 | D        | Noticed an observer
   133 | D        | Killed a fleshlord
   133 | D        | Noticed a large bag of meat
   134 | D        | Noticed a bag of meat
   134 | D        | Noticed a fleshlord
   134 | D        | Noticed a bag of meat
   134 | D        | Killed a meat berserker
   134 | D        | Killed a tyrant
   135 | D        | Noticed a meat berserker
   135 | D        | Noticed an accursed
   135 | D        | Killed a bag of meat
   135 | D        | Noticed a bag of meat
   136 | D        | Noticed a sculptor of flesh
   136 | D        | Noticed a bag of meat
   137 | D        | Noticed a bag of meat
   137 | D        | Noticed a fleshlord
   137 | D        | Noticed a dread
   137 | D        | Noticed an observer
   137 | D        | Noticed a meat beast
   137 | D        | Killed an accursed
   137 | D        | Killed an observer
   137 | D        | Annihilated by a fleshlord

Vault maps used:
D:        meatsprint

Action                   |  1- 3 |  4- 6 |  7- 9 | 10-12 | 13-15 | 16-18 | 19-21 | 22-24 | 25-27 || total
-------------------------+-------+-------+-------+-------+-------+-------+-------+-------+-------++-------
Melee: Executioner's axe |     1 |       |       |       |     4 |     6 |     4 |     7 |    62 ||    84
 Cast: Apportation       |       |       |       |       |       |       |       |       |     1 ||     1
